TOP OF THE 1ST |
Oakland Athletics batting - Pitching for Seattle Mariners : RHP Luis M. Castillo
|
Pitching: RHP Luis M. Castillo
|
|
Batting: LHB Shin-Soo Choo
|
0-0: Swinging Strike 0-1: Swinging Strike 0-2: Ball 1-2: Foul Ball, location: 2F 1-2: Strikes out swinging
|
Batting: RHB Mark Canha
|
0-0: Foul Ball, location: 2F 0-1: Called Strike 0-2: Ball 1-2: Ball 2-2: Ball 3-2: Fly out, F5 (Popup, 5SF, EV 82.5 MPH)
|
Batting: SHB Eduardo Escobar
|
0-0: Ball 1-0: Fly out, F8 (Flyball, 8RM, EV 95.6 MPH)
|
Top of the 1st over - 0 runs, 0 hits, 0 errors, 0 left on base; Oakland 0 - Seattle 0 |
BOTTOM OF THE 1ST |
Seattle Mariners batting - Pitching for Oakland Athletics : LHP Jordan Montgomery
|
Pitching: LHP Jordan Montgomery
|
|
Batting: LHB Ben Revere
|
0-0: Called Strike 0-1: Foul Ball, location: 2F 0-2: Fly out, F9 (Flyball, 9LSF, EV 88.1 MPH)
|
Batting: LHB Brandon Nimmo
|
0-0: Ball 1-0: Ball 2-0: Foul Ball, location: 2F 2-1: Ball 3-1: Called Strike 3-2: Foul Ball, location: 2F 3-2: Base on Balls
|
Batting: RHB Manny Machado
|
0-0: Ball 1-0: Ball 2-0: Swinging Strike 2-1: Fly out, F7 (Flyball, 7LSF, EV 73.1 MPH)
|
Batting: RHB Brian Dozier
|
0-0: Called Strike 0-1: Swinging Strike 0-2: Strikes out swinging
|
Bottom of the 1st over - 0 runs, 0 hits, 0 errors, 1 left on base; Oakland 0 - Seattle 0 |
TOP OF THE 2ND |
Oakland Athletics batting - Pitching for Seattle Mariners : RHP Luis M. Castillo
|
Batting: LHB Didi Gregorius
|
0-0: Ball 1-0: Fly out, F9 (Line Drive, 9D, EV 102.5 MPH)
|
Batting: RHB Rhys Hoskins
|
0-0: SINGLE (Line Drive, 6MD, EV 100.6 MPH)
|
Batting: RHB Jose Abreu
|
0-0: Called Strike 0-1: Fly out, F7 (Flyball, 7, EV 87.5 MPH)
|
Batting: LHB Cory Spangenberg
|
0-0: Foul Ball, location: 2F 0-1: Foul Ball, location: 2F 0-2: Ball 1-2: Strikes out swinging
|
Top of the 2nd over - 0 runs, 1 hit, 0 errors, 1 left on base; Oakland 0 - Seattle 0 |
BOTTOM OF THE 2ND |
Seattle Mariners batting - Pitching for Oakland Athletics : LHP Jordan Montgomery
|
Batting: RHB Willians Astudillo
|
0-0: Foul Ball, location: 2F 0-1: Ball 1-1: Fly out, F9 (Flyball, 9, EV 91.3 MPH)
|
Batting: RHB Matt Kemp
|
0-0: Called Strike 0-1: Foul Ball, location: 2F 0-2: Strikes out swinging
|
Batting: LHB Rowdy Tellez
|
0-0: Called Strike 0-1: Ball 1-1: Called Strike 1-2: Strikes out swinging
|
Bottom of the 2nd over - 0 runs, 0 hits, 0 errors, 0 left on base; Oakland 0 - Seattle 0 |
TOP OF THE 3RD |
Oakland Athletics batting - Pitching for Seattle Mariners : RHP Luis M. Castillo
|
Batting: LHB Steven Duggar
|
0-0: Ball 1-0: Reached on error, E3 (Groundball, 34, EV 86.9 MPH)
|
Batting: RHB Kurt Suzuki
|
0-0: Ball 1-0: Swinging Strike 1-1: Foul Ball, location: 2F 1-2: SINGLE (Groundball, 56D, EV 98.1 MPH) Steven Duggar to third Runner from 3rd tries for Home, SAFE, throw by LF to home
|
Batting: LHB Shin-Soo Choo
|
0-0: Foul Ball, location: 2F 0-1: Foul Ball, location: 2F 0-2: Foul Ball, location: 2F 0-2: Foul Ball, location: 2F 0-2: Ball 1-2: Ball 2-2: Hit by Pitch Kurt Suzuki to second
|
Batting: RHB Mark Canha
|
0-0: Swinging Strike 0-1: Called Strike 0-2: Foul Ball, location: 2F 0-2: Ball 1-2: Strikes out looking
|
Batting: SHB Eduardo Escobar
|
0-0: Ball 1-0: Called Strike 1-1: SINGLE (Line Drive, 34, EV 106.9 MPH) Kurt Suzuki to third Shin-Soo Choo to second Runner from 3rd tries for Home, SAFE, throw by RF to home
|
Batting: LHB Didi Gregorius
|
0-0: Ball 1-0: Called Strike 1-1: Foul Ball, location: 2F 1-2: Ball 2-2: Ball 3-2: Base on Balls Shin-Soo Choo to third Eduardo Escobar to second
|
Batting: RHB Rhys Hoskins
|
0-0: Ball 1-0: Ball 2-0: Foul Ball, location: 2F 2-1: Fly out, F9 (Flyball, 9, EV 91.3 MPH) Runner from 3rd tags up, SCORES, throw by RF Eduardo Escobar to third
|
Batting: RHB Jose Abreu
|
Pickoff Throw to First - Out! 1-3
|
Top of the 3rd over - 3 runs, 2 hits, 1 error, 1 left on base; Oakland 3 - Seattle 0 |
BOTTOM OF THE 3RD |
Seattle Mariners batting - Pitching for Oakland Athletics : LHP Jordan Montgomery
|
Batting: SHB Anthony Santander
|
0-0: Ball 1-0: Called Strike 1-1: Foul Ball, location: 2F 1-2: Fly out, F7 (Flyball, 7S, EV 83.8 MPH)
|
Batting: RHB Jordy Mercer
|
0-0: Ball 1-0: Swinging Strike 1-1: Ball 2-1: Called Strike 2-2: Strikes out looking
|
Batting: LHB Ben Revere
|
0-0: Called Strike 0-1: Ball 1-1: SINGLE (Groundball, 6, EV 108.1 MPH) (infield hit)
|
Batting: LHB Brandon Nimmo
|
0-0: Ball 1-0: Foul Ball, location: 2F 1-1: Ball 2-1: Called Strike 2-2: Fly out, F5 (Popup, 56, EV 61.3 MPH)
|
Bottom of the 3rd over - 0 runs, 1 hit, 0 errors, 1 left on base; Oakland 3 - Seattle 0 |
TOP OF THE 4TH |
Oakland Athletics batting - Pitching for Seattle Mariners : RHP Luis M. Castillo
|
Batting: RHB Jose Abreu
|
0-0: Ball 1-0: Ground out 6-3 (Groundball, 6, EV 107.5 MPH)
|
Batting: LHB Cory Spangenberg
|
0-0: Foul Ball, location: 2F 0-1: Swinging Strike 0-2: Strikes out swinging
|
Batting: LHB Steven Duggar
|
0-0: Foul Ball, location: 2F 0-1: Ball 1-1: Ball 2-1: Ball 3-1: Base on Balls
|
Batting: RHB Kurt Suzuki
|
0-0: Ball 1-0: Ball 2-0: SINGLE (Groundball, 56D, EV 97.5 MPH) Steven Duggar to second
|
Batting: LHB Shin-Soo Choo
|
0-0: Ball 1-0: Ball 2-0: Foul Ball, location: 2F 2-1: Ball 3-1: Base on Balls Steven Duggar to third Kurt Suzuki to second
|
Batting: RHB Mark Canha
|
0-0: Ball 1-0: Swinging Strike 1-1: Ball 2-1: Swinging Strike 2-2: Fly out, F7 (Flyball, 7LMF, EV 106.9 MPH)
|
Top of the 4th over - 0 runs, 1 hit, 0 errors, 3 left on base; Oakland 3 - Seattle 0 |
BOTTOM OF THE 4TH |
Seattle Mariners batting - Pitching for Oakland Athletics : LHP Jordan Montgomery
|
Batting: RHB Manny Machado
|
0-0: Fly out, F9 (Flyball, 9LSF, EV 95.6 MPH)
|
Batting: RHB Brian Dozier
|
0-0: Ball 1-0: Ball 2-0: Fly out, F7 (Line Drive, 7, EV 103.8 MPH)
|
Batting: RHB Willians Astudillo
|
0-0: Fly out, F8 (Flyball, 8RD, EV 110.6 MPH)
|
Bottom of the 4th over - 0 runs, 0 hits, 0 errors, 0 left on base; Oakland 3 - Seattle 0 |
TOP OF THE 5TH |
Oakland Athletics batting - Pitching for Seattle Mariners : RHP Luis M. Castillo
|
Batting: SHB Eduardo Escobar
|
0-0: Ball 1-0: Called Strike 1-1: DOUBLE (Line Drive, 7LD, EV 104.4 MPH)
|
Batting: LHB Didi Gregorius
|
0-0: Called Strike 0-1: Called Strike 0-2: Fly out, F8 (Flyball, 89D, EV 106.3 MPH) Runner from 2nd tags up, SAFE at 3rd, no throw by CF
|
Batting: RHB Rhys Hoskins
|
0-0: Intentional Walk
|
Batting: RHB Jose Abreu
|
0-0: SINGLE (Groundball, 6, EV 100.0 MPH) (infield hit) Eduardo Escobar scores Rhys Hoskins to second
|
Batting: LHB Cory Spangenberg
|
0-0: Ball 1-0: Ball 2-0: Foul Ball, location: 2F 2-1: Foul Ball, location: 2F 2-2: Strikes out swinging
|
Batting: LHB Steven Duggar
|
0-0: Ball 1-0: Ball 2-0: Called Strike 2-1: SINGLE (Groundball, 4D, EV 100.0 MPH) Rhys Hoskins to third Jose Abreu to second Runner from 3rd tries for Home, SAFE, throw by RF to home
|
Pitching: RHP Wily Peralta
|
|
Batting: RHB Kurt Suzuki
|
0-0: Ground out 5-3 (Groundball, 56S, EV 60.6 MPH)
|
Top of the 5th over - 2 runs, 3 hits, 0 errors, 2 left on base; Oakland 5 - Seattle 0 |
BOTTOM OF THE 5TH |
Seattle Mariners batting - Pitching for Oakland Athletics : LHP Jordan Montgomery
|
Batting: RHB Matt Kemp
|
0-0: Ball 1-0: Called Strike 1-1: DOUBLE (Line Drive, 7LS, EV 97.5 MPH)
|
Batting: LHB Rowdy Tellez
|
0-0: Ball 1-0: Fly out, F8 (Flyball, 78D, EV 89.4 MPH) Runner from 2nd tags up, SAFE at 3rd with throw by CF
|
Batting: SHB Anthony Santander
|
0-0: Ball 1-0: Ball 2-0: Called Strike 2-1: Ball 3-1: Ground out 6-3 (Groundball, 6, EV 88.1 MPH) Matt Kemp scores
|
Batting: RHB Jordy Mercer
|
0-0: Ball 1-0: Called Strike 1-1: Ball 2-1: Ball 3-1: Swinging Strike 3-2: Base on Balls
|
Batting: LHB Ben Revere
|
0-0: Fielders Choice at 2nd, 6-4 (Groundball, 56, EV 107.5 MPH)
|
Bottom of the 5th over - 1 run, 1 hit, 0 errors, 1 left on base; Oakland 5 - Seattle 1 |
TOP OF THE 6TH |
Oakland Athletics batting - Pitching for Seattle Mariners : RHP Wily Peralta
|
Batting: LHB Shin-Soo Choo
|
0-0: Ball 1-0: Ball 2-0: Called Strike 2-1: Swinging Strike 2-2: Fly out, F8 (Flyball, 78D, EV 103.8 MPH)
|
Batting: RHB Mark Canha
|
0-0: Ball 1-0: Ball 2-0: Ball 3-0: Base on Balls
|
Batting: SHB Eduardo Escobar
|
0-0: Called Strike 0-1: Swinging Strike 0-2: Strikes out looking
|
Batting: LHB Didi Gregorius
|
0-0: Foul Ball, location: 2F 0-1: Swinging Strike 0-2: Foul Ball, location: 2F 0-2: Ball 1-2: Foul Ball, location: 2F 1-2: Foul Ball, location: 2F 1-2: Foul Ball, location: 2F 1-2: Fly out, F9 (Flyball, 9, EV 87.5 MPH)
|
Top of the 6th over - 0 runs, 0 hits, 0 errors, 1 left on base; Oakland 5 - Seattle 1 |
BOTTOM OF THE 6TH |
Seattle Mariners batting - Pitching for Oakland Athletics : LHP Jordan Montgomery
|
Batting: LHB Brandon Nimmo
|
0-0: Called Strike 0-1: Fly out, F7 (Flyball, 7LDF, EV 110.0 MPH)
|
Batting: RHB Manny Machado
|
0-0: Reached on error, E4 (Groundball, 4, EV 98.8 MPH)
|
Batting: RHB Brian Dozier
|
0-0: Ball 1-0: Fly out, F7 (Line Drive, 7D, EV 103.1 MPH)
|
Batting: RHB Willians Astudillo
|
0-0: Ball 1-0: SINGLE (Groundball, 4D, EV 103.1 MPH) Manny Machado to second Runner from 2nd tries for 3rd, SAFE, throw by CF made to third
|
Batting: RHB Matt Kemp
|
0-0: Ball 1-0: Called Strike 1-1: Foul Ball, location: 2F 1-2: 3-RUN HOME RUN (Flyball, 78XD, EV 104.4 MPH), Distance : 431 ft
|
Batting: LHB Rowdy Tellez
|
0-0: Ball 1-0: Ball 2-0: Foul Ball, location: 2F 2-1: Ground out 2-3 (Groundball, 2R, EV 71.9 MPH)
|
Bottom of the 6th over - 3 runs, 2 hits, 1 error, 0 left on base; Oakland 5 - Seattle 4 |
TOP OF THE 7TH |
Oakland Athletics batting - Pitching for Seattle Mariners : RHP Wily Peralta
|
Pitching: RHP Arquimedes Caminero
|
|
Batting: RHB Rhys Hoskins
|
0-0: Ball 1-0: Ball 2-0: Called Strike 2-1: Ball 3-1: Foul Ball, location: 2F 3-2: Foul Ball, location: 2F 3-2: Base on Balls
|
Batting: RHB Jose Abreu
|
0-0: Swinging Strike 0-1: Swinging Strike 0-2: Strikes out swinging
|
Batting: LHB Cory Spangenberg
|
0-0: Called Strike 0-1: Fielders Choice at 2nd, 4-6 (Groundball, 4, EV 101.9 MPH)
|
Batting: LHB Steven Duggar
|
0-0: Called Strike 0-1: Called Strike 0-2: Ball 1-2: Strikes out swinging
|
Top of the 7th over - 0 runs, 0 hits, 0 errors, 1 left on base; Oakland 5 - Seattle 4 |
BOTTOM OF THE 7TH |
Seattle Mariners batting - Pitching for Oakland Athletics : LHP Jordan Montgomery
|
Batting: SHB Anthony Santander
|
0-0: Called Strike 0-1: Ball 1-1: Foul Ball, location: 2F 1-2: Foul Ball, location: 2F 1-2: Foul Ball, location: 2F 1-2: Foul Ball, location: 2F 1-2: Ground out 2-3 (Groundball, 15S, EV 64.4 MPH)
|
Batting: RHB Jordy Mercer
|
0-0: Ball 1-0: Ball 2-0: Ground out 4-3 (Groundball, 4, EV 84.4 MPH)
|
Batting: LHB Ben Revere
|
0-0: Foul Ball, location: 2F 0-1: Foul Ball, location: 2F 0-2: Foul Ball, location: 2F 0-2: Ball 1-2: Ball 2-2: SINGLE (Line Drive, 6MD, EV 103.1 MPH)
|
Pitching: LHP Jerry Vasto
|
|
Batting: LHB Brandon Nimmo
|
0-0: Ball 1-0: Ball 2-0: Called Strike 2-1: Ball 3-1: Foul Ball, location: 2F 3-2: Foul Ball, location: 2F 3-2: Foul Ball, location: 2F 3-2: Foul Ball, location: 2F 3-2: Base on Balls Ben Revere to second
|
Batting: RHB Manny Machado
|
0-0: Ball 1-0: Swinging Strike 1-1: Called Strike 1-2: Ball 2-2: Ground out 2-3 (Groundball, 2R, EV 68.8 MPH)
|
Bottom of the 7th over - 0 runs, 1 hit, 0 errors, 2 left on base; Oakland 5 - Seattle 4 |
TOP OF THE 8TH |
Oakland Athletics batting - Pitching for Seattle Mariners : RHP Arquimedes Caminero
|
Pitching: RHP Alex Wilson
|
|
Batting: RHB Kurt Suzuki
|
0-0: Ball 1-0: Hit by Pitch
|
Batting: LHB Shin-Soo Choo
|
0-0: SINGLE (Groundball, 34, EV 105.6 MPH) (infield hit) Kurt Suzuki to second
|
Batting: RHB Mark Canha
|
0-0: Called Strike 0-1: Ball 1-1: Ball 2-1: Foul Ball, location: 2F 2-2: DOUBLE (Flyball, 8LXD, EV 94.4 MPH) Kurt Suzuki scores Shin-Soo Choo to third
|
Pitching: RHP John Brebbia
|
|
Batting: SHB Eduardo Escobar
|
0-0: Ball 1-0: Swinging Strike 1-1: Swinging Strike 1-2: Strikes out swinging
|
Batting: LHB Didi Gregorius
|
0-0: Called Strike 0-1: Ball 1-1: Ball 2-1: Ground out 4-3 (Groundball, 34, EV 104.4 MPH)
|
Batting: RHB Rhys Hoskins
|
0-0: Intentional Walk
|
Batting: RHB Jose Abreu
|
0-0: Ball 1-0: Ground out 5-3 (Groundball, 56S, EV 74.4 MPH)
|
Top of the 8th over - 1 run, 2 hits, 0 errors, 3 left on base; Oakland 6 - Seattle 4 |
BOTTOM OF THE 8TH |
Seattle Mariners batting - Pitching for Oakland Athletics : LHP Jerry Vasto
|
Pitching: RHP Blake Parker
|
|
Batting: RHB Brian Dozier
|
0-0: Ball 1-0: Foul Ball, location: 2F 1-1: Fly out, F8 (Line Drive, 8RM, EV 92.5 MPH)
|
Batting: RHB Willians Astudillo
|
0-0: Ball 1-0: Called Strike 1-1: Ground out 6-3 (Groundball, 6, EV 100.0 MPH)
|
Batting: RHB Matt Kemp
|
0-0: Ball 1-0: Swinging Strike 1-1: Fly out, F7 (Flyball, 7, EV 80.0 MPH)
|
Bottom of the 8th over - 0 runs, 0 hits, 0 errors, 0 left on base; Oakland 6 - Seattle 4 |
TOP OF THE 9TH |
Oakland Athletics batting - Pitching for Seattle Mariners : RHP John Brebbia
|
Batting: LHB Cory Spangenberg
|
0-0: Called Strike 0-1: Ball 1-1: Called Strike 1-2: Strikes out swinging
|
Batting: LHB Steven Duggar
|
0-0: Called Strike 0-1: Swinging Strike 0-2: Ball 1-2: Strikes out swinging
|
Batting: RHB Kurt Suzuki
|
0-0: Ball 1-0: Ball 2-0: Foul Ball, location: 2F 2-1: Foul Ball, location: 2F 2-2: Strikes out swinging
|
Top of the 9th over - 0 runs, 0 hits, 0 errors, 0 left on base; Oakland 6 - Seattle 4 |
BOTTOM OF THE 9TH |
Seattle Mariners batting - Pitching for Oakland Athletics : RHP Blake Parker
|
Pitching: LHP Aaron Bummer
|
|
Now at 2B: Freddy Galvis
|
|
Now in LF: Mac Williamson
|
|
Batting: LHB Rowdy Tellez
|
0-0: Called Strike 0-1: Ball 1-1: Ball 2-1: Swinging Strike 2-2: Strikes out swinging, 2-3 out at first.
|
Batting: SHB Anthony Santander
|
0-0: Swinging Strike 0-1: Foul Ball, location: 2F 0-2: Ball 1-2: Ball 2-2: Foul Ball, location: 2F 2-2: Strikes out swinging
|
Batting: RHB Jordy Mercer
|
0-0: Ground out 4-3 (Groundball, 4M, EV 86.9 MPH)
|
Bottom of the 9th over - 0 runs, 0 hits, 0 errors, 0 left on base; Oakland 6 - Seattle 4 |
|